Map: Dreamcatcher LE

Players

Sketchaphone

  • Race: Zerg Zerg
  • League: Platinum
  • Spawn Location: 5:00

adirtyturtle - Winner!

  • Race: Terran Terran
  • League: Diamond
  • Spawn Location: 11:00

VOD

Have the link to the VOD?

Description

Time

  • Played on: Nov. 11, 2018, 3:09 p.m.
  • Length: 13:45
Show
View Real Time Build Order
Export as new Build Order

Sketchaphone Zerg 

Build Orders: Hatch First 

Get SALT Encoding   

  12  0:01  Drone  
  13  0:13  Overlord  
  14  0:21  Drone  
  14  0:31  Drone  
  14  0:32  Drone  
  16  0:37  Drone  
  16  0:40  Extractor  
  16  0:59  Hatchery  
  15  1:12  Spawning Pool  
  15  1:14  Drone  
  15  1:35  Drone  
  15  1:36  Drone x2  
  18  1:46  Drone  
  19  1:59  Metabolic Boost  
  19  2:00  Queen  
  21  2:01  Zergling x2  
  22  2:17  Queen  
  23  2:25  Drone  
  23  2:27  Overlord  
  23  2:28  Drone  
  24  2:54  Drone x2  
  26  3:01  Queen  
  26  3:03  Drone x4  
  32  3:08  Overlord  
  32  3:16  Drone  
  32  3:17  Drone  
  34  3:20  Overlord  
  34  3:22  Zergling x2  
  34  3:26  Spine Crawler, Pneumatized Carapace  
  34  3:28  Zergling x4  
  36  3:38  Overlord, Drone  
  37  3:57  Drone x4  
  37  3:58  Overlord  
  37  4:00  Overlord  
  37  4:01  Drone  
  41  4:19  Zergling x12  
  41  4:21  Overlord  
  41  4:22  Baneling Nest  
  46  4:43  Overlord  
  46  4:50  Overlord  
  46  4:51  Zergling x6  
  49  4:53  Hatchery  
  49  4:58  Hatchery  
  47  5:05  Spore Crawler  
  46  5:08  Queen, Spore Crawler  
  46  5:10  Drone x3  
  50  5:24  Zergling x14  
  57  5:30  Drone x2  
  57  5:31  Evolution Chamber  
  57  5:34  Zergling x4  
  60  5:49  Overlord x2  
  60  5:50  Drone  
  60  5:51  Zergling x4  
  60  5:54  Queen  
  65  6:03  Baneling x11  
  65  6:13  Drone x2  
  65  6:14  Queen  
  65  6:16  Drone x2  
  63  6:32  Zergling x18  
  59  6:40  Zerg Ground Armor Level 1  
  59  6:48  Overlord  
  59  6:53  Overlord  
  59  6:58  Extractor  
  59  7:00  Drone x2, Extractor  
  59  7:01  Queen  
  59  7:02  Queen  
  59  7:03  Queen  
  59  7:06  Queen  
  67  7:19  Overlord  
  67  7:28  Baneling x2  
  67  7:29  Baneling x3  
  66  7:37  Evolution Chamber  
  65  7:45  Drone  
  65  7:46  Roach Warren, Drone x12  
  65  7:48  Overlord  
  72  8:05  Zergling x18  
  71  8:12  Zergling x4  
  71  8:13  Zergling x6  
  71  8:18  Zergling x4  
  76  8:25  Roach x2  
  80  8:44  Lair  
  80  8:48  Overlord  
  80  8:49  Roach x8  
  96  8:55  Zerg Melee Weapons Level 1  
  94  9:03  Extractor  
  93  9:11  Overlord  
  93  9:18  Roach x7  
  93  9:21  Zergling x6  
  110  9:38  Zergling x12  
  109  9:43  Drone  
  109  9:44  Drone x2  
  99  9:57  Roach  
  99  9:58  Roach x5  
  95  10:17  Overlord  
  87  10:24  Roach x10  
  87  10:25  Roach  
  95  10:52  Zerg Ground Armor Level 2  
  95  10:54  Overlord x2  
  95  10:55  Drone x2  
  97  11:12  Queen  
  97  11:14  Overlord  
  75  11:37  Zergling x22  
  75  11:39  Roach x2  
  72  11:47  Queen  
  72  11:48  Glial Reconstitution  
  72  11:53  Drone  
  72  11:54  Drone  
  76  12:08  Hatchery  
  75  12:11  Zergling x12  
  75  12:12  Zergling x2  
  82  12:30  Zergling x20, Hatchery  
  82  12:36  Hydralisk Den  
  90  12:37  Overlord  
  77  13:08  Roach x12  
Show
View Real Time Build Order
Export as new Build Order

adirtyturtle Terran - Winner!

Build Orders:  

Get SALT Encoding   

  12  0:01  SCV  
  13  0:13  SCV  
  14  0:22  Supply Depot  
  14  0:25  SCV  
  15  0:44  SCV  
  15  0:47  Barracks  
  16  0:51  Refinery  
  16  0:56  SCV  
  17  1:08  SCV  
  18  1:20  SCV  
  20  1:37  Reaper  
  20  1:39  Orbital Command  
  20  1:49  Command Center  
  20  2:09  SCV  
  21  2:15  Factory  
  21  2:21  SCV  
  22  2:26  Supply Depot  
  21  2:31  Barracks Tech Lab  
  21  2:34  SCV  
  22  2:37  Refinery  
  22  2:46  SCV  
  23  2:58  SCV  
  24  3:03  Orbital Command  
  24  3:06  Supply Depot  
  23  3:17  Starport  
  23  3:30  Bunker  
  23  3:33  SCV x2  
  23  3:34  Barracks  
  25  3:41  Marine  
  26  3:53  Factory Tech Lab  
  26  3:54  Starport Reactor  
  26  3:59  Marine, SCV x2  
  29  4:11  SCV x2  
  31  4:17  Marine  
  32  4:25  Supply Depot  
  32  4:26  Barracks Reactor  
  32  4:28  SCV x2  
  34  4:35  Marine  
  34  4:37  Siege Tank  
  38  4:38  Medivac  
  38  4:40  Medivac, SCV  
  38  4:41  SCV  
  44  4:47  Supply Depot  
  44  4:49  Engineering Bay  
  44  4:52  Refinery, SCV  
  45  4:53  Marine, SCV  
  45  4:54  Refinery  
  47  5:05  SCV x2  
  49  5:10  Marine  
  49  5:12  Marine x2  
  52  5:15  Siege Tank  
  52  5:20  SCV x2  
  57  5:25  Medivac  
  59  5:28  Marine  
  59  5:29  Medivac  
  59  5:30  Marine x2  
  59  5:32  SCV x2  
  66  5:46  Marine  
  66  5:48  Marine x2  
  69  6:04  Marine  
  69  6:07  Barracks  
  69  6:08  Command Center  
  70  6:15  Barracks  
  70  6:20  Supply Depot x2  
  70  6:21  Terran Infantry Weapons Level 1, Supply Depot  
  70  6:25  Supply Depot  
  67  6:37  Bunker  
  67  6:39  Supply Depot  
  67  6:40  Supply Depot  
  67  6:41  Marine x3  
  67  6:45  Medivac  
  72  6:47  Viking  
  74  6:59  Marine x3  
  79  7:14  Barracks Reactor  
  79  7:15  Barracks Reactor, Viking  
  79  7:17  Medivac, Marine x3  
  84  7:31  Orbital Command  
  84  7:33  SCV x2  
  84  7:35  Marine x3  
  89  7:52  Marine x3  
  92  8:04  Orbital Command  
  92  8:05  Marine  
  92  8:06  Marine x3  
  92  8:10  Marine x3  
  92  8:12  Supply Depot  
  99  8:13  Supply Depot  
  99  8:23  Marine  
  99  8:24  Marine x3  
  99  8:25  SCV x2  
  105  8:28  Marine x3  
  106  8:37  SCV x2  
  106  8:41  Marine  
  108  8:42  Marine x3  
  108  8:46  Marine  
  113  9:01  SCV x3  
  116  9:10  Siege Tank  
  116  9:12  Medivac x2  
  116  9:13  SCV x2  
  125  9:28  SCV x2  
  125  9:35  SCV  
  124  9:45  Siege Tank  
  122  9:57  Stimpack  
  111  10:15  Marine  
  111  10:16  Marine x6  
  111  10:17  Siege Tank  
  111  10:18  Medivac x2  
  120  10:26  Terran Infantry Armor Level 1  
  118  10:29  Engineering Bay  
  118  10:31  Armory  
  118  10:32  SCV x3  
  118  10:33  Marine x4  
  125  10:41  Supply Depot  
  125  10:42  Supply Depot x2  
  125  10:43  Supply Depot  
  125  10:44  Supply Depot  
  125  10:46  Supply Depot  
  125  10:47  Supply Depot  
  125  11:02  Marine x3  
  125  11:03  Marine x4, Siege Tank, SCV x3  
  138  11:07  Supply Depot  
  138  11:15  SCV x3  
  141  11:20  Marine x3  
  141  11:21  Marine x4  
  143  11:35  Siege Tank  
  143  11:38  Marine x3  
  143  11:39  Marine x4  
  151  11:47  Refinery  
  151  11:48  Refinery  
  151  11:56  Marine x7  
  151  11:57  Combat Shield  
  158  12:07  Siege Tank  
  161  12:14  Marine x7  
  168  12:32  Marine  
  169  12:39  Siege Tank  
  162  13:11  Siege Tank  
Tags
 
Matchup
TvZ
Replay Pack
init
Spawn Locations
Cross Positions
Add a new tag
Caveats
  • Supply blocks, unpowered buildings, or Contaminate may cause inaccurate times.
  • Supply counts are checked every 10 seconds.